 Dungeon Crawl Stone Soup version 0.24-a0-475-g5b41c6f (webtiles) character file.

Game seed: 5989460043546422877

43170 topirishpotato the Peltast (level 13, -1/117 HPs)
             Began as a Minotaur Berserker on July 6, 2019.
             Was a High Priest of Trog.
             Slain by a polar bear (15 damage)
             ... on level 6 of the Lair of Beasts.
             The game lasted 00:28:51 (14374 turns).

topirishpotato the Peltast (Minotaur Berserker)    Turns: 14374, Time: 00:28:52

Health: -1/117     AC: 13    Str: 31    XL:     13   Next: 89%
Magic:  4/4        EV: 18    Int:  8    God:    Trog [*****.]
Gold:   1154       SH: 34    Dex: 11    Spells: 12/12 levels left

rFire    + . .     SeeInvis .   Q - +5 long sword (antimagic)
rCold    + . .     Gourm    .   u - +12 large shield of Veseugin {Regen+ Int+4}
rNeg     . . .     Faith    .   J - +4 scale mail of the Dragon {-Tele MR+ Str+5}
rPois    .         Spirit   .   (helmet restricted)
rElec    .         Reflect  .   w - scarf {rC+ rF+}
rCorr    +         Harm     .   s - +0 pair of gloves
MR       +++..     NoTele   +   (no boots)
Stlth    ..........             z - amulet of regeneration
HPRegen  2.09/turn              l - +6 ring of evasion
MPRegen  0.09/turn              j - ring of resist corrosion

@: mesmerised, regenerating, lightly drained, very slow
A: retaliatory headbutt, horns 2
a: Berserk, Trog's Hand, Brothers in Arms, Renounce Religion


You were on level 6 of the Lair of Beasts.
You worshipped Trog.
Trog was extremely pleased with you.
You were hungry.

You visited 2 branches of the dungeon, and saw 18 of its levels.
You also visited: Ossuary and Ice Cave.

You collected 1574 gold pieces.
You spent 420 gold pieces at shops.

Inventory:

Hand Weapons
 m - a +1 hand crossbow of velocity
 Q - a +5 antimagic long sword (weapon)
 W - the +3 long sword "Widowmaker" {freeze, *Drain +Inv rN+}
   (You found it on level 6 of the Lair of Beasts)

   It has been specially enchanted to freeze those struck by it, causing extra
   injury to most foes and up to half again as much damage against particularly
   susceptible opponents.
   It can also slow down cold-blooded creatures.
   It protects you from negative energy.
   It lets you turn invisible.
   It causes draining when unequipped.
Armour
 s - a +0 pair of gloves (worn)
 u - the +12 large shield of Veseugin (worn) {Regen+ Int+4}
   (You found it on level 9 of the Dungeon)

   It affects your intelligence (+4).
   It increases your rate of regeneration.
 w - a scarf of resistance (worn)
 E - a +0 plate armour
 G - a +1 chain mail of positive energy
 J - the +4 scale mail of the Dragon (worn) {-Tele MR+ Str+5}
   (You found it on level 10 of the Dungeon)

   It affects your strength (+5).
   It affects your resistance to hostile enchantments.
   It prevents most forms of teleportation.
Jewellery
 j - a ring of resist corrosion (right hand)
 l - a +6 ring of evasion (left hand)
 z - an amulet of regeneration (around neck)
 C - an uncursed ring of protection from cold
 K - an uncursed ring of protection from magic
 P - an uncursed ring of protection from cold
 T - a +2 ring of intelligence {unknown}
 V - an uncursed ring of positive energy {unknown}
Wands
 i - a wand of polymorph (6)
 p - a wand of random effects (13)
 r - a wand of flame (50)
 y - a wand of iceblast (7)
 D - a wand of scattershot (4)
 I - a wand of disintegration (36)
Scrolls
 b - 3 scrolls of enchant armour
 f - 12 scrolls of remove curse
 g - 4 scrolls of immolation
 o - 5 scrolls of fog
 q - 14 scrolls of teleportation
 t - 5 scrolls of blinking
 x - 2 scrolls of fear
 F - a scroll of torment
 L - 5 scrolls of enchant weapon
 M - a scroll of summoning {unknown}
 S - a scroll of identify
Potions
 a - 4 potions of might
 d - 3 potions of resistance
 e - 4 potions of ambrosia
 h - 3 potions of mutation
 k - 13 potions of curing
 n - 3 potions of heal wounds
 v - 7 potions of flight
 A - 2 potions of brilliance
 B - 2 potions of magic {unknown}
 H - a potion of berserk rage {unknown}
 N - a potion of lignification
 O - 2 potions of agility
 U - a potion of haste
Miscellaneous
 R - a box of beasts
Comestibles
 c - 38 rations
 X - a chunk of flesh


   Skills:
 + Level 11.7(11.1) Fighting
 + Level 15.7(15.1) Long Blades
 + Level 9.9(9.3) Armour
 + Level 8.4(7.9) Dodging
 + Level 16.2(15.6) Shields


You had 12 spell levels left.
You didn't know any spells.
Your spell library was empty.

Dungeon Overview and Level Annotations

Branches:
Dungeon (12/15)            Temple (0/1) D:7            Lair (6/6) D:11
  Swamp (0/4) Lair:3        Snake (0/4) Lair:4          Orc (0/2) D:10
  Slime: Lair:5-6

Altars:
Ashenzari
Dithmenos
Fedhas
Nemelex Xobeh
Okawaru
Qazlal
Ru
Trog
Uskayaw
Vehumet
Wu Jian
Xom
Zin

Shops:
D:8 ((?*

Annotations:
D:5 1 runed translucent door, Crazy Yiuf


Innate Abilities, Weirdness & Mutations

You reflexively headbutt those who attack you in melee.
You have a pair of horns on your head.


Message History

The polar bear bites you but does no damage.
The polar bear claws you.
The polar bear claws you but does no damage.
The merfolk avatar falters for a moment.
The harpy claws you.
* * * LOW HITPOINT WARNING * * *
The harpy misses you. The polar bear misses you.
The polar bear claws you but does no damage.
The polar bear misses you.
You block the harpy's attack. x2; The drowned soul touches you.
* * * LOW HITPOINT WARNING * * *
The drowned soul drowns you!
* * * LOW HITPOINT WARNING * * *
You block the polar bear's attack. The polar bear misses you.
The polar bear claws you but does no damage.
The merfolk avatar falters for a moment.
The harpy claws you!
* * * LOW HITPOINT WARNING * * *
You block the harpy's attack. The polar bear bites you!
You die...

..≈≈.#≈≈##≈≈##≈≈##≈≈##≈≈#.....
P≈≈ ≈≈≈≈≈≈≈≈≈≈≈≈≈≈≈≈≈≈≈≈≈≈.†..
≈≈ P≈≈≈≈≈≈≈≈#≈≈≈≈≈≈≈≈≈≈P≈P≈..#
≈########†...########≈##≈≈.†
#.≈≈≈≈≈≈≈P8# ≈.≈##.≈.†
#≈≈≈≈≈#≈≈≈≈# ≈≈≈≈≈≈....
#≈≈≈#≈≈#≈P≈# ≈≈.≈≈≈≈#..
≈#≈≈P≈kHP≈≈≈#≈≈≈.≈##≈P..
#≈.≈≈≈(h@(≈≈≈≈≈≈P#≈##≈.†.
≈≈#≈≈≈%m≈$≈≈≈≈≈8≈≈≈P≈.P..
≈#.≈P≈!≈≈?≈≈≈≈≈8≈≈≈≈≈.≈..
≈≈#≈≈≈?}$(≈≈≈≈≈≈≈#≈#.≈†.. ≈
#≈≈≈≈≈≈≈≈≈≈#≈P≈.≈##....
#≈P≈≈≈≈≈≈≈≈#≈≈≈.≈≈≈.#..
#≈≈≈≈≈≈≈≈≈P#≈≈≈≈≈≈≈≈...
#8≈≈≈P≈≈≈P.# P≈.≈##†...
####P.#≈...


You could see a merfolk avatar, a polar bear, a harpy and a rime drake.

Vanquished Creatures
  Kirke (Lair:4)
  A two-headed ogre (D:11)
  A death yak (IceCv)
  Pikel (D:4)
  An oklob plant (Lair:4)
  2 ugly things (D:11)
  A manticore (Lair:6)
  8 elephants
  3 black mambas
  An ice statue (IceCv)
  13 spiny frogs
  3 komodo dragons
  2 rime drakes
  15 polar bears
  Grinder (D:5)
  A troll (D:9)
  A wind drake (Lair:6)
  2 hornets (Lair:6)
  4 blink frogs (Lair:3)
  4 hippogriffs
  7 dream sheep
  Sigmund (D:5)
  2 spriggans (Lair:3)
  A wraith (D:10)
  2 wyverns
  45 yaks
  A human (D:7)
  4 basilisks
  5 hogs
  2 hungry ghosts (D:10)
  2 nagas (Lair:4)
  11 porcupines
  7 water moccasins
  3 black bears
  An eye of draining (D:9)
  3 sky beasts
  3 orc warriors
  4 ogres
  32 wolves
  3 phantoms
  11 crocodiles
  9 centaurs
  Blork the orc (D:6)
  2 big kobolds
  An elf zombie (D:6)
  9 bullfrogs
  A wyvern zombie (D:10)
  A water moccasin skeleton (D:4)
  2 scorpions
  A troll zombie (D:10)
  6 howler monkeys
  A bullfrog zombie (D:8)
  3 centaur zombies
  3 crimson imps
  A human zombie (D:6)
  3 jellies
  8 orc wizards
  2 bullfrog skeletons
  4 orc priests
  2 hounds
  Terence (D:2)
  A human skeleton (D:6)
  6 iguanas
  5 worker ants
  5 ogre zombies (D:10)
  3 hound zombies
  A howler monkey zombie (D:7)
  3 mummies (Ossuary)
  3 worker ant zombies
  9 gnolls
  22 adders
  3 shadow imps
  4 oozes
  8 adder zombies
  A worm (D:3)
  A dart slug (D:3)
  5 leopard geckos
  31 orcs
  4 ball pythons
  6 bats
  5 giant cockroaches
  5 goblins
  9 hobgoblins
  10 jackals
  5 quokkas
  13 frilled lizards
  A giant cockroach zombie (D:6)
  A goblin skeleton (D:10)
  4 goblin zombies (Ossuary)
  4 hobgoblin zombies
  A jackal zombie (D:7)
  24 kobolds
  An orc skeleton (D:10)
  17 orc zombies
  2 quokka skeletons
  6 quokka zombies (Ossuary)
  12 rats
  A rat zombie (Ossuary)
  A bush (D:9)
  A fungus (Lair:4)
  3 plants
524 creatures vanquished.

Vanquished Creatures (collateral kills)
  A frost giant (IceCv)
  2 hydras
  5 elephants (Lair:4)
  A rime drake (Lair:6)
  5 dream sheep
  2 crocodiles (Lair:6)
  A bullfrog (Lair:4)
17 creatures vanquished.

Vanquished Creatures (others)
  A polar bear (IceCv)
  2 yaks (IceCv)
  A ball python (D:4)
  49 fungi
  38 plants
91 creatures vanquished.

Grand Total: 632 creatures vanquished

Notes
Turn   | Place    | Note
-------+----------+-------------------------------------------
     0 | D:1      | topirishpotato the Minotaur Berserker began the quest for
                  | the Orb.
     0 | D:1      | Reached XP level 1. HP: 19/19 MP: 0/0
    35 | D:1      | Reached XP level 2. HP: 11/27 MP: 1/1
   687 | D:1      | Reached ** piety under Trog
  1039 | D:2      | Reached XP level 3. HP: 33/33 MP: 2/2
  1098 | D:2      | Found a sparkling altar of Nemelex Xobeh.
  1116 | D:2      | Found a shimmering altar of Xom.
  1185 | D:2      | Reached XP level 4. HP: 37/41 MP: 3/3
  1310 | D:2      | Found a shattered altar of Ashenzari.
  1386 | D:2      | Reached skill level 5 in Long Blades
  1651 | D:2      | Noticed Terence
  1664 | D:2      | Killed Terence
  1664 | D:2      | Reached XP level 5. HP: 31/47 MP: 4/4
  1792 | D:2      | Found a sacrificial altar of Ru.
  2029 | D:3      | Reached *** piety under Trog
  2572 | D:4      | Found an iron altar of Okawaru.
  2599 | D:4      | Noticed Pikel
  2599 | D:4      | Noticed a slave
  2601 | D:4      | Noticed a slave
  2602 | D:4      | Noticed a slave
  2602 | D:4      | Noticed a slave
  2605 | D:4      | Killed Pikel
  2605 | D:4      | Reached skill level 5 in Fighting
  2605 | D:4      | Reached XP level 6. HP: 40/56 MP: 5/5
  2605 | D:4      | Reached XP level 7. HP: 44/61 MP: 6/6
  2638 | D:4      | Reached skill level 5 in Armour
  2648 | D:4      | Reached **** piety under Trog
  2992 | D:4      | Found a radiant altar of Vehumet.
  3205 | D:5      | Entered Level 5 of the Dungeon
  3638 | D:5      | Noticed Grinder
  3644 | D:5      | Killed Grinder
  3644 | D:5      | Reached XP level 8. HP: 64/70 MP: 7/7
  4017 | D:5      | Found a shadowy altar of Dithmenos.
  4017 | D:5      | Found a glowing silver altar of Zin.
  4018 | D:5      | Noticed Sigmund
  4021 | D:5      | Killed Sigmund
  4048 | D:5      | Found a runed translucent door.
  4049 | D:5      | Noticed Crazy Yiuf
  4075 | D:5      | Reached skill level 10 in Long Blades
  4360 | D:6      | Noticed Blork the orc
  4366 | D:6      | Killed Blork the orc
  4792 | D:6      | Found a sand-covered staircase.
  4798 | Ossuary  | Entered an ossuary
  4949 | Ossuary  | Reached XP level 9. HP: 78/78 MP: 8/8
  4968 | Ossuary  | Reached ***** piety under Trog
  5468 | D:7      | Found a staircase to the Ecumenical Temple.
  5751 | D:7      | Found a hide-covered altar of Uskayaw.
  6057 | D:7      | Reached skill level 5 in Dodging
  6226 | D:8      | Found a bloodstained altar of Trog.
  6253 | D:8      | Found Nogeacy's Weapon Emporium.
  6254 | D:8      | Found Kemn's Magic Scroll Emporium.
  6256 | D:8      | Found Wehycub's Assorted Antiques.
  6257 | D:8      | Found Yfezimil's Antique Weapon Emporium.
  6272 | D:8      | Bought a scroll of magic mapping for 56 gold pieces
  6272 | D:8      | Bought a scroll of identify for 32 gold pieces
  6272 | D:8      | Bought a scroll of teleportation for 48 gold pieces
  6272 | D:8      | Bought a scroll of identify for 32 gold pieces
  6316 | D:8      | Reached XP level 10. HP: 88/88 MP: 9/9
  7006 | D:8      | Bought a scroll labeled QUBIULL SUOMAN for 25 gold pieces
  7006 | D:8      | Bought a shiny chain mail for 187 gold pieces
  7077 | D:9      | Received a gift from Trog
  7243 | D:9      | Got a scorched large shield
  7250 | D:9      | Identified the +12 large shield of Veseugin {Regen+ Int+4}
                  | (You found it on level 9 of the Dungeon)
  7324 | D:8      | Bought a +0 scimitar for 40 gold pieces
  7425 | D:9      | Found a blossoming altar of Fedhas.
  7425 | D:9      | Found a stormy altar of Qazlal.
  7478 | D:9      | Found an ornate altar of the Wu Jian Council.
  7501 | D:9      | Found a shimmering altar of Xom.
  7606 | D:9      | Reached skill level 1 in Shields
  7795 | D:9      | Reached skill level 2 in Shields
  7951 | D:10     | Entered Level 10 of the Dungeon
  7984 | D:10     | Reached skill level 3 in Shields
  7997 | D:10     | Reached skill level 4 in Shields
  8132 | D:10     | Got a twisted scale mail
  8143 | D:10     | Identified the +4 scale mail of the Dragon {-Tele MR+
                  | Str+5} (You found it on level 10 of the Dungeon)
  8252 | D:10     | Found a staircase to the Orcish Mines.
  8273 | D:10     | Reached skill level 5 in Shields
  8690 | D:11     | Found a stormy altar of Qazlal.
  8755 | D:11     | Reached XP level 11. HP: 97/97 MP: 10/10
  8932 | D:11     | Noticed a green ugly thing
  8948 | D:11     | Killed a green ugly thing
  8948 | D:11     | Reached skill level 6 in Shields
  9022 | D:11     | Noticed a green ugly thing
  9032 | D:11     | Killed a green ugly thing
  9095 | D:11     | Reached skill level 7 in Shields
  9120 | D:11     | Noticed a two-headed ogre
  9134 | D:11     | Received a gift from Trog
  9138 | D:11     | Killed a two-headed ogre
  9146 | D:11     | Reached skill level 8 in Shields
  9164 | D:11     | Noticed a seven-headed hydra
  9170 | D:11     | Killed a seven-headed hydra
  9174 | D:11     | Found a staircase to the Lair.
  9360 | Lair:1   | Entered Level 1 of the Lair of Beasts
  9394 | Lair:1   | Reached skill level 9 in Shields
  9397 | Lair:1   | Reached skill level 10 in Fighting
  9587 | Lair:1   | Identified 2 scrolls of acquirement
  9590 | Lair:1   | Got a faintly glowing large shield
  9601 | Lair:1   | Identified the +2 large shield of the Accordion {*Corrode
                  | Str+4 Int+5} (You acquired it on level 1 of the Lair of
                  | Beasts)
 10051 | Lair:1   | Got an aquamarine-encrusted ring mail
 10062 | Lair:1   | Identified the +3 ring mail "Jurut" {rPois MP+9 Int-3
                  | Dex+4} (You acquired it on level 1 of the Lair of Beasts)
 10157 | Lair:2   | Reached skill level 10 in Shields
 10245 | Lair:2   | Reached XP level 12. HP: 107/107 MP: 6/11
 10790 | Lair:2   | Found a shattered altar of Ashenzari.
 10883 | Lair:3   | Found a staircase to the Swamp.
 10949 | Lair:3   | Reached skill level 11 in Shields
 10960 | Lair:3   | Found a frozen archway.
 10964 | IceCv    | Entered an ice cave
 10973 | IceCv    | Reached skill level 15 in Long Blades
 11089 | IceCv    | Received a gift from Trog
 11152 | IceCv    | Reached skill level 12 in Shields
 11385 | IceCv    | Noticed a death yak
 11405 | IceCv    | Killed a death yak
 11405 | IceCv    | Reached skill level 13 in Shields
 11506 | IceCv    | Noticed a frost giant
 11512 | IceCv    | Killed a frost giant
 12147 | Lair:3   | Reached XP level 13. HP: 112/115 MP: 4/12
 12257 | Lair:3   | Reached skill level 14 in Shields
 12842 | Lair:4   | Found a staircase to the Snake Pit.
 13082 | Lair:4   | Found a blossoming altar of Fedhas.
 13278 | Lair:4   | Noticed Kirke
 13296 | Lair:4   | Killed Kirke
 13296 | Lair:4   | Received a gift from Trog
 13296 | Lair:4   | Reached skill level 15 in Shields
 14099 | Lair:6   | Entered Level 6 of the Lair of Beasts
 14187 | Lair:6   | Got a steaming long sword
 14209 | Lair:6   | Identified the cursed +3 long sword "Widowmaker" {freeze,
                  | *Drain +Inv rN+} (You found it on level 6 of the Lair of
                  | Beasts)
 14253 | Lair:6   | Reached skill level 16 in Shields
 14374 | Lair:6   | Slain by a polar bear

Levels and vault maps discovered:
D:1:      matt_arrival_grand_opening, layout_basic
D:2:      layout_loops_ring, nicolae_overflow_quartered_altars, uniq_terence
D:3:      layout_loops_cross, first_ration
D:4:      layout_cave_pools, kennysheep_okawaru_gauntlet, marbit_many_paths,
          serial_forest, infiniplex_forest_end_1,
          infiniplex_forest_lined_corner, infiniplex_forest_lined_room_3,
          infiniplex_forest_clump_double, infiniplex_forest_clump_long,
          uniq_pikel
D:5:      layout_basic, gammafunk_temple_overflow_pools, uniq_sigmund,
          uniq_crazy_yiuf_cottage, uniq_grinder
D:6:      layout_loops_ring, nicolae_ossuary_entry_catacombs,
          minmay_crystal_room, uniq_blork_the_orc
D:7:      layout_gridville, eat_drink_and_be_merry_uskayaw, temple_statues,
          eino_tiny_chamber, grunt_livestock
D:8:      layout_cave_pods, bloody_trog, minmay_shop_grid_forest, minivault_5,
          lemuel_old_faithful
D:9:      layout_irregular_city, grunt_temple_overflow_forces_of_nature,
          lemuel_round_altar, basic_altar, kb_lookout_dungeons_type
D:10:     layout_small_grid, zombieorc1_lemuel
D:11:     layout_gridville, due_lair_maze_entry_diamond, minivault_24,
          nicolae_qazlal_general_emergency
D:12:     lemuel_upstairs_altar, layout_basic, nicolae_trove_entry_free_sample,
          pond
Lair:1:   layout_misc_corridors, chequers_serial_rivers_large_a
Lair:2:   layout_regular_city, lemuel_centaur_altar, lemuel_fruit_fields
Lair:3:   layout_cave_pods, swamp_mist, portal_ice_cave_entry_pillars_2,
          forest_entry_grove
Lair:4:   layout_roguey, guppyfry_snake_entry_island, tgw_fedhas, uniq_kirke
Lair:5:   layout_cave_shapes
Lair:6:   gammafunk_lair_ancient_temple, layout_long_grid,
          dpeg_slime_entry_enclosed_altar

Skill      XL: |  1  2  3  4  5  6  7  8  9 10 11 12 13 |
---------------+----------------------------------------+-----
Long Blades    | 4 5 8 9 10 12 14 15 | 15.7
Fighting       | 4 5 6 7 9 10 11 | 11.7
Armour         | 3 4 5 7 8 9 |  9.9
Dodging        | 3 4 5 6 7 8 |  8.4
Shields        | 5 10 13 16 | 16.2

Action                   |  1- 3 |  4- 6 |  7- 9 | 10-12 | 13-15 || total
-------------------------+-------+-------+-------+-------+-------++-------
Melee: Falchion          |    77 |    64 |       |       |       ||   141
       Headbutt          |    11 |    20 |    70 |   225 |   120 ||   446
       Great sword       |       |    39 |   261 |    38 |       ||   338
       Scimitar          |       |       |       |   359 |       ||   359
       Triple sword      |       |       |       |    16 |       ||    16
       Long sword        |       |       |       |   524 |   383 ||   907
Invok: Brothers in Arms  |       |       |       |     2 |     2 ||     4
       Trog's Hand       |       |       |       |       |     2 ||     2
Evoke: Wand              |       |       |       |     1 |       ||     1
       Box of beasts     |       |       |       |       |     1 ||     1
  Use: Scroll            |       |       |    14 |    16 |     1 ||    31
  Eat: Chunk             |       |     5 |     9 |    18 |     9 ||    41
       Ration            |       |       |     1 |     1 |       ||     2
Armor: Animal skin       |     9 |       |       |       |       ||     9
       Scale mail        |    18 |    24 |    65 |    78 |    52 ||   237
       Chain mail        |       |       |       |    36 |       ||    36
       Ring mail         |       |       |       |     4 |       ||     4
Dodge: Dodged            |    61 |    94 |   241 |   246 |   105 ||   747
Block: Large shield      |       |       |       |  1090 |   512 ||  1602
       Rpst.: Falchion   |    11 |    16 |       |       |       ||    27
       Great sword       |       |    14 |    61 |     9 |       ||    84
       Scimitar          |       |       |       |    14 |       ||    14
       Triple sword      |       |       |       |     2 |       ||     2
       Long sword        |       |       |       |    26 |    15 ||    41

Table legend:
 A = Non-vault XP
 B = Vault XP
 C = Vault XP percentage of total XP
 D = Non-vault monster count
 E = Vault monster count
 F = Vault count percentage of total count
                 A         B        C        D         E       F
            +---------+---------+-------+---------+---------+-------
      Total |   37429 |   24243 |  39.3 |     380 |     157 |  29.2
            +---------+---------+-------+---------+---------+-------
        D:1 |      35 |       0 |   0.0 |      25 |       0 |   0.0
        D:2 |     126 |      36 |  22.2 |      36 |       1 |   2.7
        D:3 |     137 |       0 |   0.0 |      33 |       0 |   0.0
        D:4 |     194 |     704 |  78.4 |      10 |       2 |  16.7
        D:5 |     495 |     522 |  51.3 |      18 |       2 |  10.0
        D:6 |     629 |     278 |  30.7 |      20 |       7 |  25.9
        D:7 |    1178 |     951 |  44.7 |      34 |       5 |  12.8
        D:8 |     663 |       0 |   0.0 |      25 |       0 |   0.0
        D:9 |    2061 |     115 |   5.3 |      24 |       1 |   4.0
       D:10 |    1906 |     743 |  28.0 |      21 |      29 |  58.0
       D:11 |    4852 |    1054 |  17.8 |      30 |       8 |  21.1
     Lair:1 |    3946 |       0 |   0.0 |      19 |       0 |   0.0
     Lair:2 |    1928 |     450 |  18.9 |       9 |       4 |  30.8
     Lair:3 |    7040 |    1210 |  14.7 |      29 |       7 |  19.4
     Lair:4 |    3343 |    3118 |  48.3 |      15 |       5 |  25.0
     Lair:5 |    2987 |       0 |   0.0 |      15 |       0 |   0.0
     Lair:6 |    5909 |    3927 |  39.9 |      17 |      14 |  45.2
    Ossuary |       0 |     100 | 100.0 |       0 |      21 | 100.0
      IceCv |       0 |   11035 | 100.0 |       0 |      51 | 100.0
            +---------+---------+-------+---------+---------+-------
